 Dungeon Crawl Stone Soup version 0.29-a0-613-gf2c431b9b9 (webtiles) character file.

Game seed: 1901682453223965233

198 HoaS the Shooter (level 5, -1/30 HPs)
             Began as a Gargoyle Hunter on June 16, 2022.
             Slain by a black bear (6 damage)
             ... on level 3 of the Dungeon.
             The game lasted 00:04:26 (1912 turns).

HoaS the Shooter (Gargoyle Hunter)                  Turns: 1912, Time: 00:04:26

Health: -1/30      AC: 11    Str: 15    XL:     5   Next: 77%
Magic:  5/5        EV: 11    Int:  9    God:
Gold:   38         SH:  0    Dex: 15    Spells: 4/4 levels left

rFire   . . .      SeeInvis .   a - +1 shortbow (venom)
rCold   . . .      Faith    .   (shield currently unavailable)
rNeg    + . .      Spirit   .   n - +0 ring mail
rPois   ∞          Reflect  .   (no helmet)
rElec   +          Harm     .   (no cloak)
rCorr   .          Rampage  .   k - +1 pair of gloves
Will    .....                   (no boots)
Stlth   +.........              (no amulet)
HPRegen 0.10/turn               (no ring)
MPRegen 0.09/turn               (no ring)

@: mighty
A: sickness immunity, AC +4, negative energy resistance 1, electricity
resistance, torment resistance 1, petrification resistance
a: no special abilities


You were on level 3 of the Dungeon.
You visited 1 branch of the dungeon, and saw 3 of its levels.

You collected 38 gold pieces.

Inventory:

Hand Weapons
 a - a +1 shortbow of venom (weapon)
Armour
 k - a +1 pair of gloves (worn)
 n - a +0 ring mail (worn)
Jewellery
 i - a +6 ring of intelligence
Scrolls
 b - a scroll of blinking
 c - a scroll of immolation
 e - a scroll of magic mapping
 j - 2 scrolls of identify
Potions
 d - a potion of mutation
 f - a potion of resistance
 h - a potion of cancellation
 l - a potion of attraction


   Skills:
 - Level 2.1 Fighting
 + Level 6.8 Bows
 - Level 1.5 Dodging
 - Level 1.1 Stealth


You had 4 spell levels left.
You didn't know any spells.
Your spell library contained the following spells:

 Spells                   Type           Power      Damage    Failure   Level
 Call Canine Familiar     Summ           0%         N/A       94%         3
 Portal Projectile        Hex/Tloc       0%         N/A       94%         3
 Summon Guardian Golem    Hex/Summ       0%         N/A       94%         3
 Leda's Liquefaction      Hex/Erth       0%         N/A       100%        4
 Orb of Destruction       Conj           0%         9d5       100%        7
 Spellforged Servitor     Conj/Summ      0%         N/A       100%        7


Dungeon Overview and Level Annotations

Branches:
Dungeon (3/15)

Altars:

Shops:
D:1 =


Innate Abilities, Weirdness & Mutations

You are immune to sickness and miasma.
Your stone body is resilient. (AC +4)
You are immune to poison.
You resist negative energy. (rN+)
You are resistant to electric shocks. (rElec)
You are resistant to unholy torment.
You are immune to petrification.


Message History

The orc is poisoned.
The orc barely misses you.
You shoot an arrow. The arrow hits the orc.
The orc looks as sick as possible!
The orc is severely wounded.
The orc misses you.
You shoot an arrow. The arrow hits the orc!
You kill the orc!
You shoot an arrow. The arrow hits the orc priest.
The orc priest is poisoned.
The orc priest is moderately wounded.
The orc priest hits you but does no damage.
The orc priest calls down the wrath of Beogh upon you.
Pain shoots through your body!
You shoot an arrow. The arrow hits the orc priest!
You kill the orc priest!
You shoot an arrow. The arrow closely misses the orc.
The arrow barely misses the black bear.
The orc hits you but does no damage.
You shoot an arrow. The arrow hits the orc!
You kill the orc!
You shoot an arrow. The arrow hits the black bear.
The black bear looks even sicker.
The black bear is severely wounded.
The black bear bites you! The black bear closely misses you.
The black bear claws you.
* * * LOW HITPOINT WARNING * * *
The black bear goes berserk!
You are too injured to fight recklessly!
You are too injured to fight recklessly!
You are too injured to fight recklessly!
You feel very mighty all of a sudden. The black bear misses you.
The black bear claws you but does no damage. x2
Shoot: a) +1 shortbow (venom)
Press: ? - help, Q - select action Shift-Dir - straight line, f/p - black bear
Aim: a black bear (severely wounded, berserk, very poisoned, 71% to hit)
You shoot an arrow. The arrow hits the black bear.
The black bear looks as sick as possible!
The black bear is almost dead.
The black bear bites you.
* * * LOW HITPOINT WARNING * * *
The black bear claws you.
You die...

##....... #.......
....... .....## #.#
..).. #.# ... #.# #h#
#.# ##@## #.# ##...##
#.#### ##.....##
#.##.## ##.......##
###.#...####.........#
...........+.........+
####....####.....>...#
#.......# ##.......##
#.##.##.# ##.....##


You could see a black bear (berserk, extremely poisoned).

Vanquished Creatures
  An orc priest (D:3)
  Jessica (D:2)
  Natasha (twice) (D:2)
  2 adders (D:2)
  2 dart slugs (D:1)
  4 orcs (D:3)
  2 ball pythons
  5 endoplasms
  3 giant cockroaches
  6 goblins
  6 hobgoblins
  10 kobolds
  4 quokkas
  5 bats
  4 frilled lizards
  6 rats
63 creatures vanquished.

Notes
Turn   | Place    | Note
-------+----------+-------------------------------------------
     0 | D:1      | HoaS the Gargoyle Hunter began the quest for the Orb.
     0 | D:1      | Reached XP level 1. HP: 12/12 MP: 1/1
     6 | D:1      | Noticed a ragged hierophant
     6 | D:1      | Noticed a komodo dragon
     7 | D:1      | Noticed a yaktaur captain
   132 | D:1      | Reached XP level 2. HP: 17/17 MP: 2/2
   295 | D:1      | Found Vylic's Jewellery Emporium.
   300 | D:1      | Found a faded altar of an unknown god.
   351 | D:1      | Reached XP level 3. HP: 21/21 MP: 3/3
   472 | D:2      | Reached skill level 5 in Bows
   850 | D:2      | Noticed Natasha
   866 | D:2      | Killed Natasha
   867 | D:2      | Reached XP level 4. HP: 8/26 MP: 4/4
  1251 | D:2      | Noticed Jessica
  1256 | D:2      | Killed Jessica
  1257 | D:2      | Reached skill level 6 in Bows
  1446 | D:2      | Reached XP level 5. HP: 30/30 MP: 5/5
  1654 | D:2      | Noticed Natasha
  1666 | D:2      | Killed Natasha
  1898 | D:3      | Noticed a black bear
  1912 | D:3      | Slain by a black bear

Illustrated notes

Levels and vault maps discovered:
D:1:      onia_arrival_zoo_common, layout_rooms, basic_ecumenical_altar,
          serial_shops, nicolae_shop_trees, minmay_misc_feat_ornament
D:2:      minmay_spotlight, layout_loops_corners, kennysheep_generic_room_11,
          uniq_natasha, uniq_jessica
D:3:      layout_loops_corners, grunt_temple_overflow_lords_of_destruction

Skill      XL: |  1  2  3  4 |
---------------+-------------+-----
Bows           | 5 6 |  6.8
Fighting       | |  2.1
Dodging        | |  1.5
Stealth        | |  1.1

Action                   |  1- 3 |  4- 6 || total
-------------------------+-------+-------++-------
 Fire: Shortbow          |   109 |    74 ||   183
  Use: Scroll            |    11 |     3 ||    14
       Potion            |     1 |     1 ||     2
Armor: Leather armour    |     4 |       ||     4
       Ring mail         |     8 |    15 ||    23
Dodge: Dodged            |    33 |    31 ||    64

Table legend: (Time is in decaauts)
 A = Elapsed time spent in this place.
 B = Non-inter-level travel time spent in this place.
 C = Inter-level travel time spent in this place.
 D = Time resting spent in this place.
 E = Time spent auto-exploring this place.
 F = Levels seen in this place.
 G = Mean time per level.
                   A        B        C        D        E       F      G
               +--------+--------+--------+--------+--------+-----+--------+
         Total |   1976 |   1931 |     45 |    417 |   1122 |   3 |  658.7 |
       Dungeon |   1976 |   1931 |     45 |    417 |   1122 |   3 |  658.7 |
               +--------+--------+--------+--------+--------+-----+--------+

Top non-repeatable levels by time:
     D:2: 1278 daAuts
     D:1: 483 daAuts
     D:3: 214 daAuts
